 Dungeon Crawl Stone Soup version 0.27-a0-1273-gec92ba881d (webtiles) character file.

Game seed: 4287020870845591039

142 pokeman the Magician (level 5, 0/29 HPs)
             Began as a Deep Elf Hedge Wizard on June 11, 2021.
             Succumbed to an adder's poison
             ... on level 3 of the Dungeon.
             The game lasted 00:05:49 (3334 turns).

pokeman the Magician (Deep Elf Hedge Wizard)        Turns: 3334, Time: 00:05:49

Health: 0/29       AC:  4    Str:  7    XL:     5   Next: 4%
Magic:  2/15       EV: 12    Int: 20    God:
Gold:   68         SH:  0    Dex: 14    Spells: 3/16 levels left

rFire    . . .     SeeInvis .   o - +0 long sword
rCold    . . .     Faith    .   (no shield)
rNeg     . . .     Spirit   .   d - +0 leather armour
rPois    .         Reflect  .   c - +0 hat
rElec    .         Harm     .   (no cloak)
rCorr    .         Rampage  .   e - +0 pair of gloves
Will     .....                  (no boots)
Stlth    ++........             (no amulet)
HPRegen  0.09/turn              k - ring of flight
MPRegen  0.14/turn              (no ring)

@: lethally poisoned (0 -> -6), flying
A: no striking features
a: no special abilities


You were on level 3 of the Dungeon.
You visited 1 branch of the dungeon, and saw 3 of its levels.

You collected 68 gold pieces.

Inventory:

Hand Weapons
 o - a +0 long sword (weapon)
Missiles
 f - 82 arrows
 m - 22 bolts
Armour
 c - a +0 hat (worn)
 d - a +0 leather armour (worn)
 e - a +0 pair of gloves (worn)
Jewellery
 k - a ring of flight (left hand)
Wands
 n - a wand of iceblast (10)
Scrolls
 b - a scroll of amnesia {unknown}
 g - 3 scrolls of identify {unknown}
 j - a scroll of teleportation {unknown}
 l - a scroll of magic mapping {unknown}
Potions
 a - 2 potions of brilliance {unknown}
 h - a potion of heal wounds {unknown}
 i - 3 potions of curing {unknown}
 p - a potion of mutation {unknown}


   Skills:
 - Level 1.0 Fighting
 - Level 1.0 Armour
 - Level 3.0 Dodging
 + Level 2.4 Stealth
 * Level 6.0 Spellcasting
 + Level 2.4 Conjurations
 - Level 1.0 Hexes
 - Level 1.1 Summonings
 - Level 1.1 Translocations
 + Level 0.5 Fire Magic


You had 3 spell levels left.
You knew the following spells:

 Your Spells              Type           Power      Damage    Failure   Level
a - Magic Dart            Conj           60%        1d6       5%          1
b - Mephitic Cloud        Conj/Pois/Air  9%         N/A       32%         3
c - Call Imp              Summ           10%        N/A       14%         2
d - Blink                 Tloc           N/A        N/A       14%         2
e - Conjure Flame         Conj/Fire      12%        6-21      24%         3
f - Slow                  Hex            10%        N/A       16%         2

Your spell library contained the following spells:

 Spells                   Type           Power      Damage    Failure   Level
 Animate Skeleton         Necr           12%        N/A       16%         1
 Pain                     Necr           24%        1d5       16%         1
 Vampiric Draining        Necr           3%         2d6       41%         3
 Animate Dead             Necr           3%         N/A       83%         4
 Agony                    Necr           6%         N/A       99%         5


Dungeon Overview and Level Annotations

Branches:
Dungeon (3/15)

Altars:


Message History

The gnoll is engulfed in noxious fumes.
The gnoll appears confused.
Casting: Mephitic Cloud (extremely dangerous; 32% risk of failure)
Confirm with . or Enter, or press ? or * to list all spells.
The spell is extremely dangerous to cast (32% risk of failure)!
Continue anyway?
Aiming: Mephitic Cloud (extremely dangerous; 32% risk of failure)
Press: ? - help, Shift-Dir - straight line, f/p - gnoll
Aim: a gnoll, wielding a +0 spear (confused, chance to affect: 91%)
The ball explodes into a vile cloud!
The stinking cloud engulfs the gnoll but does no damage. x2
The gnoll hits you with a +0 spear.
The gnoll is engulfed in noxious fumes.
The gnoll appears confused.
The gnoll is engulfed in noxious fumes.
The gnoll appears confused.
Unknown command.
Unknown command.
You hit the gnoll.
You kill the gnoll!
The gnoll closely misses you.
The gnoll is engulfed in noxious fumes.
The gnoll appears confused.
Your Dodging skill increases to level 3!
You have reached level 5!
Unknown command.
You barely miss the adder. The adder misses you. The gnoll misses you.
The adder closely misses you.
Unknown command.
You miss the adder. The adder completely misses you.
You riposte.
You closely miss the adder. The adder bites you.
You are poisoned.
The adder poisons you!
The gnoll is engulfed in noxious fumes.
The gnoll appears confused.
Unknown command.
You closely miss the adder.
You feel sick. The adder bites you but does no damage. The gnoll misses you.
The adder bites you.
You are more poisoned.
The adder poisons you!
Unknown command.
* * * LOW HITPOINT WARNING * * *
You feel sick. The gnoll hits you with a +0 spear!
* * * LOW HITPOINT WARNING * * *
You die...

##.#....................###.#
................###.........#
#.........#..........########
#.........#..........#
#.........##.........###
#..#.........#..........#
...#..........(#.##..##.##
#..#........).)#..........
...............)@.........
.....#....##.#..g.....#.##
..........#<[..#S.....#...
##........##.#...g#....###
.......##.##.#............
...........#.#..##........ ..
............###
.#.#..g.........
#.#...##..#....


You could see 2 gnolls and an adder.

Vanquished Creatures
  A hound (D:2)
  2 gnolls (D:3)
  2 adders (D:2)
  2 worms
  7 orcs
  An endoplasm (D:2)
  2 giant cockroaches
  7 goblins
  8 hobgoblins
  6 jackals
  7 kobolds
  A quokka (D:1)
  5 ball pythons
  3 bats
  6 frilled lizards
  5 rats
65 creatures vanquished.

Notes
Turn   | Place    | Note
-------+----------+-------------------------------------------
     0 | D:1      | pokeman the Deep Elf Hedge Wizard began the quest for the
                  | Orb.
     0 | D:1      | Reached XP level 1. HP: 10/10 MP: 7/7
   433 | D:1      | Reached XP level 2. HP: 16/16 MP: 6/9
   574 | D:1      | Found a faded altar of an unknown god.
  1072 | D:1      | Reached skill level 5 in Spellcasting
  1443 | D:2      | Reached XP level 3. HP: 20/20 MP: 4/11
  1446 | D:2      | Learned a level 2 spell: Slow
  1450 | D:2      | Learned a level 3 spell: Mephitic Cloud
  1453 | D:2      | Learned a level 2 spell: Call Imp
  1456 | D:2      | Learned a level 2 spell: Blink
  1540 | D:2      | Reached skill level 1 in Fighting
  1540 | D:2      | Reached skill level 1 in Armour
  1955 | D:2      | Reached XP level 4. HP: 25/25 MP: 8/13
  1989 | D:2      | Learned a level 3 spell: Conjure Flame
  2776 | D:2      | Reached skill level 1 in Hexes
  3327 | D:3      | Reached skill level 6 in Spellcasting
  3330 | D:3      | Reached XP level 5. HP: 14/29 MP: 1/15
  3333 | D:3      | HP: 1/29 [gnoll/+0 spear (7)]
  3334 | D:3      | Succumbed to an adder's poison

Illustrated notes

Levels and vault maps discovered:
D:1:      dpeg_arrival_morbid_curiosity, layout_basic, basic_ecumenical_altar
D:2:      layout_basic, chequers_mini_garden
D:3:      layout_basic

Skill      XL: |  1  2  3  4 |
---------------+-------------+-----
Spellcasting   | 5 6 |  6.0
Fighting       | 1 |  1.0
Armour         | 1 |  1.0
Conjurations   | 2 |  2.4
Hexes          | 1 |  1.0
Dodging        | 3 |  3.0
Stealth        | |  2.4
Summonings     | |  1.1
Translocations | |  1.1
Fire Magic     | |  0.5

Action                   |  1- 3 |  4- 6 || total
-------------------------+-------+-------++-------
Melee: Long sword        |       |    11 ||    11
 Cast: Magic Dart        |    93 |    86 ||   179
       Mephitic Cloud    |       |     3 ||     3
Armor: Leather armour    |     4 |     7 ||    11
Dodge: Dodged            |    15 |    32 ||    47
       Rpst.: Long sword |       |     7 ||     7

Table legend: (Time is in decaauts)
 A = Elapsed time spent in this place.
 B = Non-inter-level travel time spent in this place.
 C = Inter-level travel time spent in this place.
 D = Time resting spent in this place.
 E = Time spent auto-exploring this place.
 F = Levels seen in this place.
 G = Mean time per level.
                   A        B        C        D        E       F      G
               +--------+--------+--------+--------+--------+-----+--------+
         Total |   3337 |   3193 |    144 |    208 |   2543 |   3 | 1112.3 |
       Dungeon |   3337 |   3193 |    144 |    208 |   2543 |   3 | 1112.3 |
               +--------+--------+--------+--------+--------+-----+--------+

Top non-repeatable levels by time:
     D:2: 1478 daAuts
     D:1: 1356 daAuts
     D:3: 503 daAuts
